 Dungeon Crawl Stone Soup version 0.30-a0-782-ge64f9170bb (webtiles) character file.

Game seed: 10799255639387639967

18969 Dirian the Cleaver (level 12, -4/104 (112) HPs)
             Began as a Minotaur Fighter on Mar 7, 2023.
             Was a High Priest of Makhleb.
             Slain by a spectral orc knight
             ... wielding a +0 dire flail
             ... summoned by Nergalle
              (13 damage)
             ... on level 1 of the Lair of Beasts.
             The game lasted 00:27:35 (11285 turns).

Dirian the Cleaver (Minotaur Fighter)              Turns: 11285, Time: 00:27:36

HP:   -4/104 (112)  AC: 28    Str: 26    XL:     12   Next: 32%
MP:   20/20         EV:  6    Int:  5    God:    Makhleb [*****.]
Gold: 968           SH: 10    Dex: 10    Spells: 11/11 levels left

rFire   + + +      SeeInvis .    a - +1 war axe
rCold   + + .      Faith    .    m - +0 kite shield
rNeg    + + .      Spirit   .    u - +5 plate armour "Uluo" {-Cast rF+ rN+}
rPois   +          Reflect  .    (helmet restricted)
rElec   +          Harm     .    E - +0 cloak {rPois}
rCorr   +          Rampage  .    p - +0 pair of gloves
Will    +....      NoCast   +    F - +1 pair of boots "Tulowak" {rElec rC++ rN+} Stlth
                                 i - amulet of the acrobat
HPRegen 0.37/turn                h - ring of protection from fire
MPRegen 0.17/turn                s - ring "Veppoip" {rF+ Will+ rCorr}

@: lethally poisoned (-4 -> -8), studying Fighting, drained
A: horns 2, retaliatory headbutt, iridescent scales 2
a: Renounce Religion, Minor Destruction, Lesser Servant of Makhleb, Major
Destruction, Greater Servant of Makhleb


You were on level 1 of the Lair of Beasts.
You worshipped Makhleb.
Makhleb was extremely pleased with you.
You visited 3 branches of the dungeon, and saw 13 of its levels.
You also visited: Sewer and Gauntlet.

You collected 1872 gold pieces.
You spent 904 gold pieces at shops.

Inventory:

Hand Weapons
 a - a +1 war axe (weapon)
 b - a +3 hand axe of flaming
Missiles
 k - 6 throwing nets (quivered)
Armour
 m - a +0 kite shield (worn)
 o - the +0 cloak of Hopscotch {Dex+4}
   (You bought it in a shop on level 4 of the Dungeon)

   Dex:       It affects your dexterity (+4).
 p - a +0 pair of gloves (worn)
 u - the +5 plate armour "Uluo" (worn) {-Cast rF+ rN+}
   (You bought it in a shop on level 4 of the Dungeon)

   rF:        It protects you from fire.
   rN:        It protects you from negative energy.
   -Cast:     It prevents spellcasting.
 x - a scarf of invisibility
 E - a +0 cloak of poison resistance (worn)
 F - the +1 pair of boots "Tulowak" (worn) {rElec rC++ rN+}
   (You found it in a Gauntlet)

   rC:        It greatly protects you from cold.
   rElec:     It insulates you from electricity.
   rN:        It protects you from negative energy.
Jewellery
 h - a ring of protection from fire (left hand)
 i - an amulet of the acrobat (around neck)
 s - the ring "Veppoip" (right hand) {rF+ Will+ rCorr}
   (You acquired it on level 4 of the Dungeon)

   [ring of resist corrosion]

   rF:        It protects you from fire.
   rCorr:     It protects you from acid and corrosion.
   Will:      It increases your willpower.
 C - the ring "Qetej" {Drain Fly rElec rN+++ Int-5}
   (You found it on level 10 of the Dungeon)

   [ring of flight]

   Int:       It affects your intelligence (-5).
   rElec:     It insulates you from electricity.
   rN:        It renders you almost immune to negative energy.
   Fly:       It grants you flight.
   Drain:     It drains your maximum health when unequipped.
 G - a ring of see invisible
 H - a ring of flight
Wands
 f - a wand of roots (19)
 v - a wand of digging (6)
 y - a wand of charming (22)
 I - a wand of flame (17)
 M - a wand of acid (4)
Scrolls
 e - 4 scrolls of enchant weapon
 g - a scroll of immolation
 l - a scroll of butterflies
 r - 7 scrolls of identify
 t - 9 scrolls of teleportation
 z - 3 scrolls of blinking
 A - a scroll of fog
 D - a scroll of magic mapping
 J - a scroll of fear
Potions
 c - 2 potions of ambrosia
 d - 3 potions of might
 j - 2 potions of flight
 n - 3 potions of resistance
 q - 8 potions of curing
 B - 2 potions of mutation
 L - 2 potions of invisibility
Miscellaneous
 K - a box of beasts


   Skills:
 + Level 11.9 Fighting
 + Level 13.7 Axes
 + Level 9.1 Armour
 + Level 9.0 Shields
 + Level 12.3 Invocations
 * Level 5.0 Evocations


You had 11 spell levels left.
You didn't know any spells.
Your spell library contained the following spells:

 Spells                   Type           Power      Damage    Failure   Level
 Shock                    Conj/Air       0%         1d3       100%        1
 Summon Small Mammal      Summ           0%         N/A       100%        1
 Call Canine Familiar     Summ           0%         N/A       100%        3
 Summon Guardian Golem    Hex/Summ       0%         N/A       100%        3
 Swiftness                Air            0%         N/A       100%        3
 Airstrike                Air            0%         2d(0-16)  100%        4


Dungeon Overview and Level Annotations

Branches:
Dungeon (11/15) Zot: 25978  Temple (1/1) D:4 Zot: 5551    Lair (1/5) D:11 Zot: 5708
    Orc (0/2) D:11          Sewer (visited)         Gauntlet (visited)

Altars:
Ashenzari
Cheibriados
Dithmenos
Elyvilon
Fedhas
Gozag
Hepliaklqana
Kikubaaqudgha
Makhleb
Nemelex Xobeh
Okawaru
Qazlal
Ru
Sif Muna
Trog
Uskayaw
Vehumet
Wu Jian
Xom
Yredelemnul
Zin
The Shining One

Shops:
D:2 !   D:4 :[   D:11 :

Annotations:
D:3 2 transporters
Lair:1 Nergalle


Innate Abilities, Weirdness & Mutations

You have a pair of horns on your head.
You reflexively headbutt those who attack you in melee.
You are mostly covered in iridescent scales. (AC +4)


Message History

The bolt of acid hits Nergalle.
Nergalle is almost dead.
The bolt of acid hits the spectral orc warrior!
The acid corrodes the spectral orc warrior!
The spectral orc warrior is heavily damaged.
Nergalle closely misses you.
The spectral orc warrior completely misses you.
The spectral orc knight hits you but does no damage.
The spectral orc knight hits you with a +0 dire flail!
* * * LOW HITPOINT WARNING * * *
You partially resist.
You feel drained.
You block the spectral orc warlord's attack.
The spectral orc warrior hits you but does no damage.
The spectral orc barely misses you.
You feel much better. You block Nergalle's attack.
The spectral orc warrior hits you but does no damage.
You block the spectral orc knight's attack.
The spectral orc knight hits you but does no damage.
The spectral orc warlord hits you with a +3 broad axe of venom!
You partially resist.
You feel drained.
You are poisoned.
The spectral orc barely misses you.
The spectral orc warrior hits you from afar with a +0 halberd.
* * * LOW HITPOINT WARNING * * *
You partially resist.
You feel drained.
You closely miss Nergalle.
Nergalle is almost dead.
You hit the spectral orc warrior but do no damage.
You hit the spectral orc knight but do no damage.
You barely miss the spectral orc knight.
You hit the spectral orc warlord but do no damage.
You feel sick. Nergalle hits you but does no damage.
The spectral orc warrior hits you but does no damage.
You block the spectral orc knight's attack.
The spectral orc warlord hits you with a +3 broad axe of venom!
* * * LOW HITPOINT WARNING * * *
You partially resist.
You feel drained.
* * * LOW HITPOINT WARNING * * *
The spectral orc knight hits you with a +0 dire flail!
You die...

.......... .. .........
....# ........ .....#
.###.#.#.###.##.##
.................##
.......Z.......P.P#
......ZoZZ........#
.....ZZ@ZZ.....P.P#
##.P###.#........##
.............P.P#
#.#.#...###.....#
............P.P#
#.......†#.....####
...................###
..#.###........#.#...##
## ##........#####..#


You could see Nergalle (drained), 3 spectral orcs, 2 spectral orc warriors, 2
spectral orc knights and a spectral orc warlord (summoned).

Vanquished Creatures
  A minotaur (Gauntlet)
  Harold (D:10)
  Erolcha (D:11)
  3 two-headed ogres
  Pikel (D:5)
  The ghost of bmj180 the Geomancer, a novice GrEE of Vehumet (D:7)
  A cyclops (D:11)
  A moth of wrath (Gauntlet)
  A manticore (D:11)
  A rust devil (Gauntlet)
  A cane toad (Lair:1)
  A rime drake (D:11)
  A komodo dragon (Lair:1)
  A kobold demonologist (D:10)
  A polar bear (Lair:1)
  Grinder (D:6)
  A raiju (Gauntlet)
  A wyvern (D:8)
  12 yaks
  2 wraiths (D:10)
  A ynoxinul (Gauntlet)
  2 unseen horror simulacra (D:9)
  A basilisk (Lair:1)
  5 steam dragons
  Menkaure (D:5)
  3 swamp worms (Gauntlet)
  3 acid dragons
  A water moccasin (D:9)
  Duvessa (D:5)
  A sky beast (D:8)
  4 orc warriors
  8 ice beasts
  An ogre (D:4)
  2 centaurs
  14 wolves
  3 kobold brigands
  A bullfrog (Sewer)
  A gnoll sergeant (D:9)
  7 scorpions
  4 wights
  Dowan (D:5)
  12 killer bees
  7 howler monkeys
  4 hounds
  3 jellies
  5 orc priests
  2 gnoll boudas
  4 iron imps (Gauntlet)
  4 iguanas
  12 orc wizards
  Natasha (thrice) (D:3)
  A hell rat (D:7)
  13 gnolls
  11 adders
  6 river rats (D:7)
  A shadow imp (D:5)
  4 white imps
  An ufetubus (D:4)
  4 worms
  3 dart slugs (D:1)
  45 orcs
  7 bats
  12 endoplasms
  18 giant cockroaches
  7 goblins
  7 hobgoblins
  13 quokkas
  6 ball pythons
  7 frilled lizards
  16 kobolds
  17 rats
354 creatures vanquished.

Vanquished Creatures (collateral kills)
  A gnoll sergeant (D:11)
  2 gnolls (D:11)
3 creatures vanquished.

Vanquished Creatures (others)
  The ghost of Barriton the Thaumaturge, a novice DrCj of Sif Muna (D:9)
  A rime drake (D:9)
  An unseen horror simulacrum (D:9)
  2 ice beasts (D:9)
  A howler monkey simulacrum (D:9)
  7 fungi
  28 plants
41 creatures vanquished.

Grand Total: 398 creatures vanquished

Notes
Turn   | Place    | Note
-------+----------+-------------------------------------------
     0 | D:1      | Dirian the Minotaur Fighter began the quest for the Orb.
     0 | D:1      | Reached XP level 1. HP: 19/19 MP: 0/0
   141 | D:1      | Reached XP level 2. HP: 23/27 MP: 1/1
   305 | D:1      | Reached XP level 3. HP: 33/33 MP: 2/2
   744 | D:2      | Reached skill level 3 in Axes
   976 | D:2      | Reached XP level 4. HP: 40/40 MP: 3/3
   990 | D:2      | Found Torag's Distillery.
   998 | D:2      | Bought a potion of curing for 39 gold pieces
   998 | D:2      | Bought a potion of degeneration for 13 gold pieces
  1162 | D:3      | Found a transporter.
  1263 | D:3      | Noticed Natasha
  1269 | D:3      | Killed Natasha
  1270 | D:3      | Reached skill level 4 in Axes
  1280 | D:3      | Noticed Natasha
  1285 | D:3      | Killed Natasha
  1286 | D:3      | Reached XP level 5. HP: 47/47 MP: 4/4
  1289 | D:3      | Noticed Natasha
  1294 | D:3      | Killed Natasha
  1416 | D:3      | Found a transporter.
  1596 | D:3      | Reached skill level 5 in Axes
  2036 | D:2      | Bought a potion of heal wounds for 65 gold pieces
  2080 | D:4      | Reached XP level 6. HP: 40/53 MP: 5/5
  2083 | D:4      | Reached skill level 5 in Armour
  2095 | D:4      | Reached skill level 6 in Axes
  2220 | D:4      | Reached skill level 5 in Fighting
  2223 | D:4      | Found a staircase to the Ecumenical Temple.
  2273 | D:4      | Found a glowing drain.
  2289 | Sewer    | Entered a sewer
  2502 | Sewer    | Reached XP level 7. HP: 61/61 MP: 6/6
  2778 | D:4      | Reached skill level 7 in Axes
  2778 | D:4      | Reached skill level 5 in Shields
  2901 | D:4      | Found Ighuw's Antique Armour Shop.
  2902 | D:4      | Found Nitziesh's Book Emporium.
  3096 | D:4      | Identified 3 scrolls of acquirement
  3096 | D:4      | Acquired a +3 hand axe of flaming
  3097 | D:4      | Acquired 1007 gold pieces
  3098 | D:4      | Acquired the ring "Veppoip" {rF+ Will+ rCorr}
  3190 | D:4      | Bought a pitted cloak for 199 gold pieces
  3190 | D:4      | Identified the +0 cloak of Hopscotch {Dex+4} (You bought it
                  | in a shop on level 4 of the Dungeon)
  3190 | D:4      | Bought a faintly humming plate armour for 588 gold pieces
  3190 | D:4      | Identified the +5 plate armour "Uluo" {-Cast rF+ rN+} (You
                  | bought it in a shop on level 4 of the Dungeon)
  3213 | D:4      | Gained mutation: You are partially covered in iridescent
                  | scales. (AC +2) [potion of mutation]
  3213 | D:4      | Gained mutation: You are mostly covered in iridescent
                  | scales. (AC +4) [potion of mutation]
  3215 | D:4      | Reached XP level 8. HP: 70/70 MP: 6/16
  3264 | Temple   | Entered the Ecumenical Temple
  3690 | Temple   | Became a worshipper of Makhleb the Destroyer
  3726 | D:5      | Entered Level 5 of the Dungeon
  3744 | D:5      | Noticed Dowan
  3747 | D:5      | Noticed Duvessa
  3755 | D:5      | Killed Dowan
  3762 | D:5      | Killed Duvessa
  3973 | D:5      | Noticed Menkaure
  3988 | D:5      | Killed Menkaure
  4360 | D:5      | Reached skill level 8 in Axes
  4364 | D:5      | Reached * piety under Makhleb
  4699 | D:5      | Noticed Pikel
  4715 | D:5      | Killed Pikel
  4716 | D:5      | Reached XP level 9. HP: 52/78 MP: 17/17
  5399 | D:6      | Noticed Grinder
  5410 | D:6      | Killed Grinder
  5411 | D:6      | Reached skill level 9 in Axes
  6078 | D:7      | Noticed bmj180's ghost (novice GrEE)
  6108 | D:7      | Found a runed translucent door.
  6154 | D:7      | Reached ** piety under Makhleb
  6465 | D:7      | Found a snail-covered altar of Cheibriados.
  6526 | D:7      | Found an opulent altar of Gozag.
  7041 | D:7      | Killed bmj180's ghost
  7042 | D:7      | Reached skill level 10 in Axes
  7042 | D:7      | Reached XP level 10. HP: 45/88 MP: 18/18
  7674 | D:9      | Noticed Barriton's ghost (novice DrCj)
  7840 | D:9      | Reached *** piety under Makhleb
  8030 | D:9      | Found a runed translucent gate.
  8030 | D:9      | Found a runed translucent gate.
  8030 | D:9      | Found a runed translucent gate.
  8061 | D:9      | Reached skill level 11 in Axes
  8523 | D:9      | Killed Barriton's ghost
  8524 | D:9      | Reached skill level 1 in Evocations
  8647 | D:10     | Entered Level 10 of the Dungeon
  8723 | D:10     | Noticed Harold
  8744 | D:10     | Killed Harold
  8745 | D:10     | Reached XP level 11. HP: 71/97 MP: 19/19
  8821 | D:10     | Noticed a two-headed ogre
  8831 | D:10     | Killed a two-headed ogre
  9013 | D:10     | Noticed a two-headed ogre
  9024 | D:10     | Killed a two-headed ogre
  9025 | D:10     | Reached skill level 12 in Axes
  9114 | D:10     | Identified the ring "Qetej" {Drain Fly rElec rN+++ Int-5}
  9421 | D:11     | Reached **** piety under Makhleb
  9507 | D:11     | Found Qoaptoli's Book Boutique.
  9537 | D:11     | Noticed Erolcha
  9545 | D:11     | Killed Erolcha
  9546 | D:11     | Reached skill level 10 in Fighting
  9562 | D:11     | Found a gate leading to a gauntlet.
  9571 | Gauntlet | Entered a Gauntlet
  9571 | Gauntlet | Found a transporter.
  9571 | Gauntlet | Found a transporter.
  9587 | Gauntlet | Found a transporter.
  9591 | Gauntlet | Found a transporter.
  9601 | Gauntlet | Found a transporter.
  9622 | Gauntlet | Found a transporter.
  9628 | Gauntlet | Found a transporter.
  9636 | Gauntlet | Found a transporter.
  9653 | Gauntlet | Found a transporter.
  9661 | Gauntlet | Found a transporter.
  9679 | Gauntlet | Found a transporter.
  9712 | Gauntlet | Found a transporter.
 10046 | Gauntlet | Identified the +1 pair of boots "Tulowak" {rElec rC++ rN+}
 10089 | Gauntlet | Noticed a minotaur
 10100 | Gauntlet | Killed a minotaur
 10261 | D:11     | Found a staircase to the Lair.
 10345 | D:11     | Noticed a two-headed ogre
 10358 | D:11     | Killed a two-headed ogre
 10359 | D:11     | Reached skill level 13 in Axes
 10369 | D:11     | Reached XP level 12. HP: 73/110 MP: 20/20
 10624 | D:11     | Found a staircase to the Orcish Mines.
 10632 | D:11     | Reached ***** piety under Makhleb
 10992 | Lair:1   | Entered Level 1 of the Lair of Beasts
 11266 | Lair:1   | Noticed Nergalle
 11270 | Lair:1   | Reached skill level 5 in Evocations
 11285 | Lair:1   | Slain by a spectral orc knight

Illustrated notes

Levels and vault maps discovered:
D:1:      sevenhm_arrival_forest_fort_large_2, layout_loops_ring
D:2:      layout_rooms, serial_shops, nicolae_shop_statue_plus
D:3:      gammafunk_steamed_eel, layout_basic, kennysheep_generic_room_14,
          uniq_natasha
D:4:      layout_gridville, minmay_temple_entry_large_hall,
          portal_sewer_entry_c, nicolae_wooded_promenade,
          minmay_manual_macuahuitl
D:5:      layout_basic, uniq_menkaure, uniq_pikel, uniq_duvessa
D:6:      layout_basic, uniq_grinder
D:7:      lemuel_ratsnest, layout_layer_cave,
          mainiacjoe_overflow_large_starburst, hellmonk_ghost_happy_afterlife
D:8:      layout_rooms
D:9:      layout_loops_ring, gammafunk_ghost_icy
D:10:     layout_cave_pools, minivault_21, kennysheep_generic_room_5,
          uniq_harold
D:11:     layout_roguey, hellmonk_lair_entry_icy, david_orc_5,
          gauntlet_entry_generic, serial_shops, shop, uniq_erolcha
Temple:   mainiacjoe_temple_big_plus
Lair:1:   layout_long_grid, serial_forest, infiniplex_forest_clump_double,
          infiniplex_forest_lined_2, infiniplex_forest_clump_C,
          infiniplex_forest_clump_small, infiniplex_forest_lined_corner,
          infiniplex_forest_clump_curved, infiniplex_forest_straight_4,
          infiniplex_forest_clump_medium, infiniplex_forest_straight_3,
          infiniplex_forest_lined_2, uniq_nergalle

Skill      XL: |  1  2  3  4  5  6  7  8  9 10 11 12 |
---------------+-------------------------------------+-----
Armour         | 4 5 6 7 8 9 |  9.1
Shields        | 4 5 6 8 9 |  9.0
Fighting       | 4 5 6 8 9 11 | 11.9
Axes           | 3 4 5 6 7 8 10 11 13 | 13.7
Invocations    | 12 | 12.3
Evocations     | 2 4 5 |  5.0

Action                     |  1- 3 |  4- 6 |  7- 9 | 10-12 || total
---------------------------+-------+-------+-------+-------++-------
  Melee: War axe           |    81 |   121 |   279 |   452 ||   933
         Headbutt          |     6 |    17 |    50 |    87 ||   160
 Invoke: Lesser Servant of |       |       |       |     3 ||     3
         Major Destruction |       |       |       |     3 ||     3
  Evoke: Wand              |       |       |       |     2 ||     2
    Use: Scroll            |     4 |     2 |     4 |     6 ||    16
         Potion            |     1 |     1 |     5 |     5 ||    12
 Armour: Scale mail        |    49 |    13 |       |       ||    62
         Chain mail        |       |    29 |    17 |       ||    46
         Plate armour      |       |       |   129 |   386 ||   515
  Dodge: Dodged            |    42 |    53 |    61 |   157 ||   313
  Block: Buckler           |    26 |    18 |    30 |       ||    74
         Kite shield       |       |       |    62 |   328 ||   390

Table legend: (Time is in decaauts)
 A = Elapsed time spent in this place.
 B = Non-inter-level travel time spent in this place.
 C = Inter-level travel time spent in this place.
 D = Time resting spent in this place.
 E = Time spent auto-exploring this place.
 F = Levels seen in this place.
 G = Mean time per level.
                   A        B        C        D        E       F      G
               +--------+--------+--------+--------+--------+-----+--------+
         Total |  11467 |  10832 |    635 |    153 |   7778 |  15 |  764.5 |
       Dungeon |   9838 |   9259 |    579 |    142 |   7035 |  11 |  894.4 |
        Temple |    448 |    392 |     56 |      0 |    380 |   1 |  448.0 |
          Lair |    290 |    290 |      0 |      0 |    209 |   1 |  290.0 |
         Sewer |    325 |    325 |      0 |      0 |     15 |   1 |  325.0 |
      Gauntlet |    564 |    564 |      0 |     11 |    138 |   1 |  564.0 |
               +--------+--------+--------+--------+--------+-----+--------+

Top non-repeatable levels by time:
     D:5: 1343 daAuts
     D:7: 1212 daAuts
     D:9: 1032 daAuts
    D:11: 1021 daAuts
     D:4: 963 daAuts
     D:3: 958 daAuts
     D:6: 911 daAuts
     D:1: 731 daAuts
    D:10: 726 daAuts
Gauntlet: 564 daAuts
     D:8: 500 daAuts
  Temple: 448 daAuts
     D:2: 437 daAuts
   Sewer: 325 daAuts
  Lair:1: 290 daAuts
